 Dungeon Crawl Stone Soup version 0.27-a0-1105-g946c659c87 (webtiles) character file.

Game seed: 11684316851971792514

366 DogServant the Magician (level 6, -1/47 HPs)
             Began as a Djinni Fire Elementalist on Apr 29, 2021.
             Was an Initiate of Ashenzari.
             Slain by a wight
             ... wielding a +0 trident
              (14 damage)
             ... on level 5 of the Dungeon.
             The game lasted 00:08:23 (4905 turns).

DogServant the Magician (Djinni Fire Elementalist)  Turns: 4905, Time: 00:08:24

Health: -1/47      AC:  3    Str:  7    XL:     6   Next: 68%
Gold:   80         EV: 12    Int: 18    God:    Ashenzari [......] SH:  5 Dex: 14

rFire    + + +     SeeInvis .   q - staff of fire
rCold    x . .     Faith    .   (no shield)
rNeg     . . .     Spirit   .   a - +1 robe
rPois    ∞         Reflect  +   (no helmet)
rElec    .         Harm     .   (no cloak)
rCorr    .         Rampage  .   (no gloves)
Will     .....                  (boots unavailable)
Stlth    ++........             o - amulet of reflection
HPRegen  0.15/turn              (no ring)
MPRegen  0.00/turn              (no ring)

@: flying
A: fire resistance 2, cold vulnerability 1, float, innate caster, hp casting,
extra vitality 1
a: Renounce Religion


You were on level 5 of the Dungeon.
You worshipped Ashenzari.
Ashenzari was noncommittal.
You visited 2 branches of the dungeon, and saw 6 of its levels.

You collected 80 gold pieces.

Inventory:

Hand Weapons
 c - a +3 great sword
 g - a +0 short sword
 p - a +0 whip
Armour
 a - a +1 robe (worn)
Magical Staves
 q - a staff of fire (weapon)
Jewellery
 d - a ring of ice
 o - an amulet of reflection (around neck)
Scrolls
 b - 2 scrolls of enchant armour
 f - a scroll of magic mapping
 h - 2 scrolls of identify
 i - a scroll of immolation
 k - a scroll of silence
 l - 2 scrolls of amnesia
 r - 2 scrolls of enchant weapon
Potions
 e - a potion of mutation
 m - 3 potions of curing
 n - a potion of flight


   Skills:
 + Level 3.9 Fighting
 + Level 2.8 Dodging
 + Level 2.1 Stealth
 + Level 4.6 Spellcasting


You couldn't memorise any spells.
You knew the following spells:

 Your Spells              Type           Power      Damage    Failure   Level
a - Foxfire               Conj/Fire      100%       2x1d9     1%          1
b - Conjure Flame         Conj/Fire      31%        6-21      6%          3
c - Inner Flame           Hex/Fire       31%        N/A       6%          3
d - Sticky Flame          Conj/Fire      31%        2d5       21%         4
e - Fireball              Conj/Fire      15%        3d8       50%         5
f - Beastly Appendage     Tmut           40%        N/A       1%          1
g - Call Imp              Summ           20%        N/A       3%          2
Your spell library was empty.

Dungeon Overview and Level Annotations

Branches:
Dungeon (5/15)             Temple (1/1) D:5

Altars:
Ashenzari
Cheibriados
Dithmenos
Elyvilon
Fedhas
Gozag
Hepliaklqana
Kikubaaqudgha
Makhleb
Nemelex Xobeh
Okawaru
Qazlal
Ru
Sif Muna
Trog
Uskayaw
Vehumet
Wu Jian
Yredelemnul
Zin
The Shining One

Annotations:
D:3 3 runed translucent doors, RamboRex's ghost, amateur OgVM


Innate Abilities, Weirdness & Mutations

You are immune to poison.
Your flesh is very heat resistant. (rF++)
You are vulnerable to cold. (rC-)
You float through the air rather than walking.
You learn spells naturally, not from books.
Your magical power is your life essence.
You have superior vitality. (+4 HP)


Message History

Your shadow imp hits the wight but does no damage.
A jelly comes into view.
Your white imp hits the wight but does no damage.
The wight closely misses you.
Your shadow imp barely misses the wight.
Your crimson imp blinks!
Your shadow imp closely misses the wight.
Your crimson imp barely misses the wight.
Your white imp gestures at the wight.
The puff of frost hits the wight.
The wight resists.
Your crimson imp barely misses the wight.
Your white imp hits the wight.
Your white imp freezes the wight.
The wight completely resists.
Your crimson imp hits the wight but does no damage.
The wight closely misses your crimson imp.
Your crimson imp closely misses the wight.
Your shadow imp hits the wight.
Your white imp hits the wight but does no damage.
Your crimson imp blinks!
Casting: Call Imp (safe; 3% risk of failure)
Confirm with . or Enter, or press ? or * to list all spells.
The spell is quite dangerous to cast (21% risk of failure)!
Continue anyway?
Aiming: Sticky Flame (quite dangerous; 21% risk of failure)
Press: ? - help, Shift-Dir - straight line, f - wight
Aim: a wight, wielding a +3 dagger of freezing and wearing a +0 robe (moderately damaged, ally target, 100% to hit)
You feel a surge of power!
The sticky flame hits the wight but does no damage.
The wight is moderately damaged.
The wight is covered in liquid flames!
The wight burns!
The wight hits you with a +3 dagger of freezing.
The wight freezes you.
The wight burns!
The wight burns!
You destroy the wight!
Casting: Sticky Flame (quite dangerous; 21% risk of failure)
Confirm with . or Enter, or press ? or * to list all spells.
You feel a surge of power!
The fire begins to smolder!
* * * LOW HITPOINT WARNING * * *
The wight hits you from afar with a +0 trident!
You die...

###########
#####......5..#######
...).[.......5z.@...#
#####.........#####.#
# #............. #
.................
#.J.................
#...................
#....#####...#......
#.... #...#......
##### ..


You could see a wight (ally target), a friendly white imp (summoned) and a
friendly shadow imp (summoned).

Vanquished Creatures
  2 wights (D:5)
  A hound (D:5)
  An orc priest (D:3)
  An orc wizard (D:3)
  An adder (D:5)
  A dart slug (D:5)
  4 orcs
  3 endoplasms (D:2)
  A giant cockroach (D:1)
  3 hobgoblins
  5 jackals
  4 quokkas
  11 ball pythons
  A bat (D:3)
  2 frilled lizards (D:2)
  3 goblins
  2 kobolds
  7 rats
53 creatures vanquished.

Vanquished Creatures (collateral kills)
  A water moccasin (D:5)
  A wight (D:5)
  A hound (D:5)
3 creatures vanquished.

Vanquished Creatures (others)
  188 foxfires
188 creatures vanquished.

Grand Total: 244 creatures vanquished

Notes
Turn   | Place    | Note
-------+----------+-------------------------------------------
     0 | D:1      | DogServant the Djinni Fire Elementalist began the quest for
                  | the Orb.
     0 | D:1      | Reached XP level 1. HP: 15/15 MP: 0/0
   238 | D:1      | Found a faded altar of an unknown god.
   559 | D:1      | Reached XP level 2. HP: 20/21 MP: 0/0
   640 | D:1      | Reached skill level 3 in Spellcasting
   738 | D:1      | HP: 1/21 [jackal (2)]
  1932 | D:2      | Reached XP level 3. HP: 25/26 MP: 0/0
  1932 | D:2      | Learned a level 1 spell: Beastly Appendage
  1995 | D:2      | Reached skill level 1 in Fighting
  2663 | D:3      | Noticed an orc warrior
  2917 | D:3      | Reached XP level 4. HP: 30/33 MP: 0/0
  3340 | D:3      | Found a runed translucent gate.
  3341 | D:3      | Found a runed translucent gate.
  3342 | D:3      | Found a runed translucent gate.
  3344 | D:3      | Noticed RamboRex's ghost (amateur OgVM)
  3345 | D:3      | You are sucked into a shaft and drop 2 floors!
  3345 | D:5      | Entered Level 5 of the Dungeon
  3350 | D:4      | Noticed an ogre
  3510 | D:5      | Reached XP level 5. HP: 37/39 MP: 0/0
  3510 | D:5      | Learned a level 2 spell: Call Imp
  3535 | D:5      | Reached skill level 4 in Spellcasting
  3680 | D:5      | Found a staircase to the Ecumenical Temple.
  3739 | Temple   | Entered the Ecumenical Temple
  3745 | Temple   | Became a worshipper of Ashenzari the Shackled
  4097 | D:5      | Noticed a water moccasin
  4121 | D:5      | Killed a water moccasin
  4122 | D:5      | Reached XP level 6. HP: 11/46 MP: 0/0
  4905 | D:5      | Slain by a wight

Illustrated notes

Levels and vault maps discovered:
D:1:      amcnicky_arrival_flooded_fountain, layout_basic,
          hellmonk_ecumenical_altar_arch_garden
D:2:      layout_loops_corners, basic_altar
D:3:      layout_rooms, ebering_ghost_rock_garden
D:4:      layout_cave_pools
D:5:      layout_basic, minmay_temple_entry_statues, minivault_14
Temple:   compressed_dpeg_triangle_lava_temple

Skill      XL: |  1  2  3  4  5  6 |
---------------+-------------------+-----
Spellcasting   | 3 4 |  4.6
Fighting       | 1 2 3 |  3.9
Stealth        | 2 |  2.1
Dodging        | |  2.8

Action                   |  1- 3 |  4- 6 || total
-------------------------+-------+-------++-------
Melee: Unarmed           |     2 |       ||     2
       Staff             |       |     1 ||     1
 Cast: Foxfire           |    77 |    45 ||   122
       Call Imp          |       |    15 ||    15
       Conjure Flame     |       |     4 ||     4
       Sticky Flame      |       |     1 ||     1
  Use: Scroll            |     2 |       ||     2
       Potion            |       |     2 ||     2
Armor: Robe              |     5 |     1 ||     6
Dodge: Dodged            |    14 |    19 ||    33
Block: Other             |       |     3 ||     3

Table legend: (Time is in decaauts)
 A = Elapsed time spent in this place.
 B = Non-inter-level travel time spent in this place.
 C = Inter-level travel time spent in this place.
 D = Time resting spent in this place.
 E = Time spent auto-exploring this place.
 F = Levels seen in this place.
 G = Mean time per level.
                   A        B        C        D        E       F      G
               +--------+--------+--------+--------+--------+-----+--------+
         Total |   4886 |   4663 |    223 |    543 |   3662 |   6 |  814.3 |
       Dungeon |   4675 |   4463 |    212 |    543 |   3469 |   5 |  935.0 |
        Temple |    210 |    199 |     11 |      0 |    193 |   1 |  210.0 |
               +--------+--------+--------+--------+--------+-----+--------+

Top non-repeatable levels by time:
     D:1: 1373 daAuts
     D:5: 1325 daAuts
     D:2: 1320 daAuts
     D:3: 650 daAuts
  Temple: 210 daAuts
     D:4: 5 daAuts
